AoeStats
← Reis

African Clearing

505072799Analyzed
4v4 RM · 26d ago on Sep 7, 2026· 30m 7s· 8 players
Game mode
Random Map
Map size
Large (8 player)
Population
200
Speed
Normal
Resources
Standard
Victory
Conquest
Starting age
Dark Age
Ending age
Imperial Age
RankedLock teamsTeams togetherTeam positionsShared explorationLock speedFull tech treeHidden civsTurbo modeCheats
Victory
Defeat
🇩🇪 Franks · Germany
1491
+14
🇩🇪 Tatars · Germany
1463
+15
🇩🇪 Berbers · Germany
1423
+16
🇩🇪 Lithuanians · Germany
1355
+19
🇦🇹 Inca · Austria
1474
-18
🇬🇧 Khmer · United Kingdom
1433
-16
🇨🇭 Burgundians · Switzerland
1414
-15
🇦🇹 Bengalis · Austria
1413
-15
Reis
6:39 Loom
13:26 Feudal Age
18:11 Castle Age
16:38 Double-Bit Axe
19:54 Bow Saw
[DDocs] ☣ Rapidler™ ☣
12:42 Feudal Age
14:03 Double-Bit Axe
17:15 Castle Age
15:21 Horse Collar
19:02 Wheelbarrow
25:08 Scale Mail Armor
Based Lettuce
14:18 Feudal Age
14:29 Feudal Age
14:31 Man-at-Arms
16:48 Loom
[DDocs] Haasal
9:07 Loom
10:31 Loom
13:10 Feudal Age
13:39 Double-Bit Axe
20:55 Castle Age
28:03 Wheelbarrow
27:25 Horse Collar
29:35 Padded Archer Armor
Raphael
14:45 Feudal Age
13:03 Loom
14:49 Feudal Age
19:11 Castle Age
18:00 Double-Bit Axe
18:36 Horse Collar
23:40 Fletching
25:21 Bodkin Arrow
29:13 Padded Archer Armor
30:06 Ballistics
30:26 Bloodlines
30:21 Husbandry
M*rpheu$
6:05 Loom
13:21 Feudal Age
26:17 Castle Age
24:31 Double-Bit Axe
25:30 Fletching
26:32 Crossbowman
27:08 Town Watch
27:55 Padded Archer Armor
Barca4life
10:55 Loom
12:55 Feudal Age
17:28 Castle Age
15:39 Scale Barding Armor
15:41 Double-Bit Axe
16:01 Horse Collar
18:50 Chain Barding Armor
20:06 Husbandry
21:12 Forging
22:36 Wheelbarrow
22:51 Bloodlines
22:51 Town Watch
26:05 Iron Casting
Pipin
5:21 Loom
11:24 Feudal Age
22:15 Castle Age
20:45 Forging
20:41 Scale Barding Armor
22:23 Light Cavalry
23:04 Husbandry
23:47 Chain Barding Armor
29:52 Iron Casting
Connection lost

Rejoining the realm…

Still unreachable

The connection could not be restored.

Session expired

The server has moved on; the page needs a fresh start.